General information
- name: BNet
- type: Ladder team game (AT/RT)
- host: Battle.net
- saver: BonziBuddy
map: TwilightRuins
- players: 8
- length: 36:07
- speed: Fast
- version: 1.26 W3XP
- replay type: Public
» download(201 KB)
Players
team 1 (loser)

»
FakeTaxi (
purple | 30 APM | 561 actions | 18:32)
4 Mountain King
2 Storm Bolt
2 Bash
2 Blood Mage
1 Flame Strike
1 Banish
» actions
| Build / train | 49 | |
| Enter build submenu | 26 | |
| Enter hero's abilities submenu | 6 | |
| Give item / drop item | 1 | |
| Right click | 240 | |
| Select / deselect | 192 | |
| Use ability | 47 | |
561 total
» units
| Peasant | 8 | |
| Footman | 10 | |
| Gryphon Rider | 6 | |
24 total
» upgrades
| Masonry | 1 | |
| Lumber Harvesting | 2 | |
| Swords | 2 | |
| Armor | 1 | |
| Storm Hammers | 1 | |
7 total
» buildings
| Altar of Kings | 1 | |
| Barracks | 1 | |
| Farm | 11 | |
| Arcane Vault | 1 | |
| Lumber Mill | 1 | |
| Scout Tower | 7 | |
| Keep | 1 | |
| Guard Tower | 4 | |
| Blacksmith | 1 | |
| Gryphon Aviary | 2 | |
| Castle | 1 | |
31 total
» build order
00:16 Altar of Kings
00:23 Barracks
00:33 Farm
01:09 Farm
02:14 Arcane Vault
02:20 Lumber Mill
02:32 Scout Tower
03:14 Farm
03:26 Scout Tower
03:57 Farm
03:59 Keep
04:04 Guard Tower
04:36 Scout Tower
05:15 Guard Tower
05:18 Scout Tower
05:25 Blacksmith
05:52 Farm
05:54 Guard Tower
06:00 Farm
06:45 Gryphon Aviary
07:02 Gryphon Aviary
07:41 Farm
08:14 Castle
08:23 Scout Tower
08:29 Scout Tower
09:09 Farm
09:55 Farm
10:01 Guard Tower
10:38 Farm
11:47 Farm
13:57 Scout Tower
» items
| Scroll of Town Portal | 2 | |
| Scroll of Regeneration | 2 | |
4 total

»
FoF2G (
green | 38 APM | 665 actions | 17:33)
4 Mountain King
2 Thunder Clap
2 Storm Bolt
» actions
| Basic commands | 33 | |
| Build / train | 53 | |
| ESC pressed | 5 | |
| Enter build submenu | 22 | |
| Enter hero's abilities submenu | 4 | |
| Give item / drop item | 1 | |
| Right click | 252 | |
| Select / deselect | 231 | |
| Use ability | 64 | |
665 total
» units
| Peasant | 7 | |
| Rifleman | 12 | |
| Priest | 5 | |
24 total
» upgrades
| Gunpowder | 2 | |
| Armor | 1 | |
| Long Rifles | 1 | |
| Priest Training | 1 | |
5 total
» buildings
| Altar of Kings | 1 | |
| Farm | 6 | |
| Blacksmith | 1 | |
| Barracks | 1 | |
| Scout Tower | 4 | |
| Arcane Vault | 1 | |
| Lumber Mill | 1 | |
| Keep | 1 | |
| Arcane Sanctum | 1 | |
| Town Hall | 1 | |
| Guard Tower | 2 | |
20 total
» build order
00:13 Altar of Kings
00:17 Farm
00:20 Blacksmith
01:23 Barracks
01:45 Scout Tower
02:03 Arcane Vault
02:21 Farm
03:10 Farm
03:34 Lumber Mill
04:10 Farm
05:35 Farm
06:34 Keep
08:59 Arcane Sanctum
09:20 Town Hall
09:24 Scout Tower
09:25 Scout Tower
09:36 Farm
10:06 Guard Tower
10:07 Guard Tower
10:08 Scout Tower
» items
| Scroll of Regeneration | 4 | |
| Lesser Clarity Potion | 4 | |
| Claws of Attack +6 | 1 | |
| Scroll of the Beast | 1 | |
| Potion of Healing | 4 | |
| Scroll of Town Portal | 1 | |
15 total
WILDCARD-AGRES (
teal | 41 APM | 1485 actions | 36:05)
7 Blademaster
3 Wind Walk
3 Critical Strike
1 Bladestorm
» actions
| Assign group hotkey | 35 | |
| Basic commands | 2 | |
| Build / train | 54 | |
| Enter build submenu | 21 | |
| Enter hero's abilities submenu | 7 | |
| Give item / drop item | 2 | |
| Right click | 645 | |
| Select / deselect | 147 | |
| Select group hotkey | 435 | |
| Use ability | 137 | |
1485 total
» units
| Peon | 12 | |
| Goblin Shredder | 4 | |
| Wind Rider | 3 | |
| Troll Batrider | 3 | |
22 total
» upgrades
| Ranged Weapons | 3 | |
| Reinforced Defenses | 1 | |
| Armor | 3 | |
| Envenomed Spears | 1 | |
| Ensnare | 1 | |
| Liquid Fire | 1 | |
10 total
» buildings
| Altar of Storms | 1 | |
| Orc Burrow | 6 | |
| Voodoo Lounge | 1 | |
| War Mill | 1 | |
| Stronghold | 1 | |
| Great Hall | 1 | |
| Watch Tower | 35 | |
| Beastiary | 3 | |
| Fortress | 2 | |
51 total
» build order
00:08 Altar of Storms
00:21 Orc Burrow
01:03 Voodoo Lounge
01:39 War Mill
02:34 Stronghold
03:05 Orc Burrow
03:39 Great Hall
04:13 Orc Burrow
05:13 Watch Tower
05:13 Watch Tower
05:14 Watch Tower
05:15 Watch Tower
05:18 Watch Tower
05:20 Watch Tower
05:58 Beastiary
06:17 Watch Tower
06:35 Fortress
06:50 Beastiary
07:21 Beastiary
07:47 Watch Tower
07:47 Watch Tower
07:48 Watch Tower
07:49 Watch Tower
08:17 Watch Tower
08:17 Watch Tower
09:23 Orc Burrow
09:23 Orc Burrow
10:44 Watch Tower
10:44 Watch Tower
11:55 Watch Tower
11:55 Watch Tower
11:55 Watch Tower
11:56 Watch Tower
11:57 Watch Tower
11:57 Watch Tower
18:05 Watch Tower
18:05 Watch Tower
18:06 Watch Tower
18:07 Watch Tower
18:07 Watch Tower
18:30 Orc Burrow
18:32 Watch Tower
18:33 Watch Tower
18:33 Watch Tower
18:34 Watch Tower
18:34 Watch Tower
18:35 Watch Tower
19:53 Watch Tower
19:53 Watch Tower
» items
| Healing Salve | 3 | |
| Lesser Clarity Potion | 4 | |
| Staff of Teleportation | 1 | |
| Orb of Venom | 1 | |
| Scroll of Town Portal | 1 | |
10 total
9killerbee (
red | 49 APM | 849 actions | 17:27)
3 Demon Hunter
2 Evasion
1 Immolation
» actions
| Assign group hotkey | 22 | |
| Basic commands | 40 | |
| Build / train | 47 | |
| Enter build submenu | 17 | |
| Enter hero's abilities submenu | 3 | |
| Remove unit from queue | 1 | |
| Right click | 310 | |
| Select / deselect | 151 | |
| Select group hotkey | 207 | |
| Use ability | 51 | |
849 total
» units
| Wisp | 17 | |
| Huntress | 4 | |
| Dryad | 3 | |
| Hippogryph | 6 | |
| Druid of the Claw | 1 | |
31 total
» upgrades
| Strength of the Moon | 1 | |
| Strength of the Wild | 1 | |
| Reinforced Hides | 1 | |
| Abolish Magic | 1 | |
| Druid of the Claw Training | 2 | |
6 total
» buildings
| Moon Well | 6 | |
| Altar of Elders | 1 | |
| Hunter's Hall | 1 | |
| Ancient of War | 1 | |
| Tree of Ages | 1 | |
| Tree of Life | 2 | |
| Ancient of Lore | 2 | |
| Ancient Protector | 2 | |
| Ancient of Wonders | 1 | |
| Ancient of Wind | 1 | |
| Tree of Eternity | 1 | |
19 total
» build order
00:25 Moon Well
00:41 Altar of Elders
00:57 Hunter's Hall
01:36 Ancient of War
02:23 Moon Well
04:23 Tree of Ages
04:41 Tree of Life
05:03 Moon Well
06:04 Moon Well
07:18 Moon Well
07:33 Ancient of Lore
07:36 Ancient of Lore
07:58 Moon Well
08:47 Ancient Protector
09:58 Ancient of Wonders
10:03 Ancient of Wind
10:42 Tree of Eternity
12:18 Ancient Protector
13:28 Tree of Life
» items
team 2 (winner)

»
mylife4dahore (
pink | 85 APM | 2334 actions | 27:31)
5 Lich
3 Frost Nova
2 Frost Armor
» actions
| Assign group hotkey | 26 | |
| Basic commands | 131 | |
| Build / train | 81 | |
| Enter build submenu | 33 | |
| Enter hero's abilities submenu | 5 | |
| Remove unit from queue | 3 | |
| Right click | 742 | |
| Select / deselect | 430 | |
| Select group hotkey | 818 | |
| Use ability | 64 | |
2334 total
» units
| Acolyte | 20 | |
| Ghoul | 4 | |
| Necromancer | 5 | |
| Obsidian Statue | 4 | |
| Gargoyle | 6 | |
39 total
» upgrades
| Unholy Strength | 3 | |
| Skeletal Longevity | 1 | |
| Necromancer Training | 2 | |
| Banshee Training | 2 | |
| Unholy Armor | 3 | |
| Web | 1 | |
| Ghoul Frenzy | 1 | |
| Skeletal Mastery | 1 | |
| Disease Cloud | 1 | |
| Creature Attack | 3 | |
18 total
» buildings
| Crypt | 1 | |
| Necropolis | 2 | |
| Halls of the Dead | 3 | |
| Ziggurat | 7 | |
| Altar of Darkness | 2 | |
| Graveyard | 3 | |
| Tomb of Relics | 1 | |
| Sacrificial Pit | 1 | |
| Temple of the Damned | 2 | |
| Slaughterhouse | 2 | |
| Spirit Tower | 7 | |
| Black Citadel | 1 | |
32 total
» build order
00:06 Crypt
00:40 Necropolis
01:37 Halls of the Dead
01:37 Halls of the Dead
01:38 Halls of the Dead
02:42 Ziggurat
02:46 Altar of Darkness
03:12 Graveyard
03:15 Graveyard
03:39 Tomb of Relics
03:44 Ziggurat
04:21 Sacrificial Pit
04:54 Temple of the Damned
04:55 Temple of the Damned
05:03 Slaughterhouse
06:57 Ziggurat
07:29 Ziggurat
09:17 Spirit Tower
09:18 Spirit Tower
09:18 Spirit Tower
10:19 Black Citadel
10:27 Spirit Tower
14:30 Spirit Tower
14:31 Spirit Tower
16:33 Ziggurat
16:34 Ziggurat
16:35 Ziggurat
19:00 Slaughterhouse
22:20 Necropolis
23:57 Altar of Darkness
24:02 Graveyard
» items
| Rod of Necromancy | 1 | |
| Scroll of Town Portal | 2 | |
| Potion of Healing | 1 | |
4 total
SSoLauEVIG (
blue | 82 APM | 2955 actions | 36:05)
6 Archmage
3 Summon Water Elemental
2 Brilliance Aura
1 Mass Teleport
» actions
| Assign group hotkey | 131 | |
| Basic commands | 242 | |
| Build / train | 197 | |
| ESC pressed | 3 | |
| Enter build submenu | 39 | |
| Enter hero's abilities submenu | 6 | |
| Give item / drop item | 2 | |
| Right click | 1069 | |
| Select / deselect | 433 | |
| Select group hotkey | 648 | |
| Use ability | 185 | |
2955 total
» units
| Peasant | 15 | |
| Footman | 9 | |
| Goblin Shredder | 4 | |
| Gryphon Rider | 9 | |
| Knight | 1 | |
38 total
» upgrades
| Defend | 1 | |
| Masonry | 3 | |
| Swords | 3 | |
| Armor | 3 | |
| Animal War Training | 1 | |
| Storm Hammers | 1 | |
| Cloud | 1 | |
| Plating | 3 | |
| Gunpowder | 3 | |
| Long Rifles | 1 | |
| Lumber Harvesting | 2 | |
| Backpack | 1 | |
23 total
» buildings
| Altar of Kings | 1 | |
| Barracks | 1 | |
| Farm | 7 | |
| Arcane Vault | 1 | |
| Lumber Mill | 1 | |
| Scout Tower | 29 | |
| Town Hall | 1 | |
| Guard Tower | 79 | |
| Keep | 3 | |
| Blacksmith | 1 | |
| Castle | 3 | |
| Gryphon Aviary | 2 | |
129 total
» build order
00:36 Altar of Kings
00:37 Barracks
00:50 Farm
01:08 Farm
01:39 Farm
01:54 Farm
02:33 Arcane Vault
03:07 Farm
03:34 Lumber Mill
04:08 Scout Tower
04:10 Scout Tower
04:41 Town Hall
04:45 Guard Tower
04:45 Guard Tower
04:46 Guard Tower
04:53 Guard Tower
04:53 Guard Tower
04:54 Guard Tower
06:03 Scout Tower
06:06 Scout Tower
06:25 Scout Tower
06:27 Scout Tower
06:45 Keep
06:46 Keep
06:58 Guard Tower
06:58 Guard Tower
07:13 Guard Tower
07:15 Guard Tower
07:15 Guard Tower
07:15 Guard Tower
07:28 Scout Tower
07:31 Scout Tower
07:33 Scout Tower
07:35 Scout Tower
07:37 Scout Tower
07:47 Guard Tower
07:47 Guard Tower
07:53 Blacksmith
07:57 Guard Tower
07:58 Guard Tower
08:01 Guard Tower
08:01 Guard Tower
08:01 Guard Tower
08:02 Guard Tower
08:02 Guard Tower
08:05 Guard Tower
08:05 Guard Tower
08:05 Guard Tower
08:09 Guard Tower
09:15 Castle
09:15 Castle
09:24 Scout Tower
09:26 Scout Tower
09:29 Scout Tower
09:30 Scout Tower
09:31 Scout Tower
10:02 Guard Tower
10:02 Guard Tower
10:27 Guard Tower
10:27 Guard Tower
11:32 Guard Tower
11:33 Guard Tower
11:51 Gryphon Aviary
11:53 Scout Tower
11:56 Scout Tower
12:10 Scout Tower
12:20 Guard Tower
12:21 Guard Tower
12:23 Guard Tower
12:23 Guard Tower
12:24 Guard Tower
12:24 Guard Tower
12:27 Guard Tower
12:28 Guard Tower
12:45 Guard Tower
12:45 Guard Tower
13:35 Gryphon Aviary
15:00 Scout Tower
15:02 Scout Tower
15:04 Farm
15:05 Farm
16:33 Guard Tower
16:34 Guard Tower
16:34 Guard Tower
16:34 Guard Tower
16:35 Guard Tower
26:13 Scout Tower
26:14 Scout Tower
26:15 Scout Tower
26:17 Scout Tower
26:18 Scout Tower
26:18 Scout Tower
26:19 Scout Tower
26:21 Scout Tower
26:39 Guard Tower
26:39 Guard Tower
26:39 Guard Tower
26:50 Guard Tower
26:50 Guard Tower
26:50 Guard Tower
27:12 Guard Tower
27:12 Guard Tower
27:12 Guard Tower
27:13 Guard Tower
27:14 Guard Tower
27:14 Guard Tower
27:19 Guard Tower
27:19 Guard Tower
» items
| Mechanical Critter | 2 | |
| Periapt of Vitality | 1 | |
| Staff of Teleportation | 1 | |
| Scroll of Regeneration | 2 | |
| Scroll of Town Portal | 2 | |
| Potion of Lesser Invulnerability | 2 | |
| Ivory Tower | 5 | |
| Potion of Healing | 3 | |
18 total
BonziBuddy (
yellow | 40 APM | 1460 actions | 36:07)
8 Archmage
3 Summon Water Elemental
3 Brilliance Aura
1 Mass Teleport
1 Blizzard
» actions
| Assign group hotkey | 50 | |
| Basic commands | 215 | |
| Build / train | 78 | |
| Enter build submenu | 48 | |
| Enter hero's abilities submenu | 8 | |
| Give item / drop item | 5 | |
| Remove unit from queue | 1 | |
| Right click | 425 | |
| Select / deselect | 312 | |
| Select group hotkey | 165 | |
| Use ability | 153 | |
1460 total
» units
| Peasant | 12 | |
| Footman | 5 | |
| Goblin Shredder | 1 | |
| Gryphon Rider | 3 | |
| Goblin Sapper | 9 | |
30 total
» upgrades
| Masonry | 3 | |
| Swords | 3 | |
| Armor | 4 | |
| Storm Hammers | 1 | |
| Animal War Training | 1 | |
| Cloud | 1 | |
13 total
» buildings
| Altar of Kings | 1 | |
| Barracks | 1 | |
| Farm | 11 | |
| Keep | 1 | |
| Lumber Mill | 1 | |
| Arcane Vault | 2 | |
| Town Hall | 2 | |
| Castle | 1 | |
| Gryphon Aviary | 4 | |
| Blacksmith | 2 | |
| Scout Tower | 42 | |
| Guard Tower | 7 | |
75 total
» build order
00:36 Altar of Kings
00:38 Barracks
00:51 Farm
00:52 Farm
01:04 Farm
01:34 Farm
03:24 Keep
03:44 Lumber Mill
03:46 Arcane Vault
04:46 Town Hall
06:28 Castle
06:46 Gryphon Aviary
06:47 Gryphon Aviary
06:48 Gryphon Aviary
06:48 Gryphon Aviary
06:56 Blacksmith
06:58 Blacksmith
07:01 Farm
08:27 Scout Tower
08:27 Scout Tower
08:28 Scout Tower
08:28 Scout Tower
08:29 Scout Tower
08:29 Scout Tower
08:32 Scout Tower
08:32 Scout Tower
08:33 Scout Tower
08:33 Scout Tower
08:33 Scout Tower
08:34 Scout Tower
11:09 Guard Tower
15:16 Scout Tower
15:17 Scout Tower
15:18 Scout Tower
15:18 Scout Tower
15:19 Scout Tower
15:19 Scout Tower
15:20 Scout Tower
15:20 Scout Tower
15:20 Scout Tower
15:21 Scout Tower
15:21 Scout Tower
15:22 Scout Tower
16:28 Guard Tower
16:34 Scout Tower
16:35 Scout Tower
16:36 Scout Tower
16:37 Scout Tower
16:39 Scout Tower
16:40 Scout Tower
16:40 Scout Tower
18:18 Guard Tower
18:46 Farm
18:47 Farm
18:47 Farm
18:48 Farm
19:24 Town Hall
19:32 Scout Tower
19:32 Scout Tower
19:32 Scout Tower
19:33 Scout Tower
19:38 Scout Tower
19:42 Scout Tower
19:43 Scout Tower
19:43 Scout Tower
19:47 Arcane Vault
20:03 Guard Tower
20:05 Guard Tower
20:43 Guard Tower
23:39 Guard Tower
» items
| Scroll of Regeneration | 4 | |
| Mechanical Critter | 4 | |
| Periapt of Vitality | 2 | |
| Potion of Lesser Invulnerability | 1 | |
| Dust of Appearance | 1 | |
| Potion of Healing | 2 | |
| Scroll of Town Portal | 2 | |
16 total
blehblah (
orange | 50 APM | 1816 actions | 36:05)
5 Mountain King
3 Storm Bolt
2 Bash
3 Paladin
1 Holy Light
1 Devotion Aura
1 Divine Shield
» actions
| Assign group hotkey | 19 | |
| Basic commands | 5 | |
| Build / train | 98 | |
| Enter build submenu | 26 | |
| Enter hero's abilities submenu | 8 | |
| Give item / drop item | 1 | |
| Remove unit from queue | 4 | |
| Right click | 637 | |
| Select / deselect | 374 | |
| Select group hotkey | 568 | |
| Use ability | 76 | |
1816 total
» units
| Peasant | 20 | |
| Footman | 4 | |
| Dragonhawk Rider | 7 | |
| Mortar Team | 4 | |
| Gryphon Rider | 4 | |
| Flying Machine | 7 | |
46 total
» upgrades
| Masonry | 3 | |
| Lumber Harvesting | 2 | |
| Swords | 2 | |
| Gunpowder | 2 | |
| Cloud | 1 | |
| Armor | 2 | |
| Fragmentation Shards | 1 | |
| Flare | 1 | |
14 total
» buildings
| Farm | 9 | |
| Altar of Kings | 1 | |
| Barracks | 1 | |
| Scout Tower | 8 | |
| Arcane Tower | 3 | |
| Arcane Vault | 1 | |
| Town Hall | 1 | |
| Lumber Mill | 1 | |
| Keep | 1 | |
| Guard Tower | 5 | |
| Blacksmith | 1 | |
| Castle | 1 | |
| Gryphon Aviary | 1 | |
| Workshop | 1 | |
35 total
» build order
00:08 Farm
00:39 Altar of Kings
00:50 Farm
00:54 Barracks
01:30 Farm
01:48 Scout Tower
02:19 Arcane Tower
03:13 Arcane Vault
04:23 Town Hall
04:33 Lumber Mill
05:01 Keep
06:01 Scout Tower
06:15 Farm
06:32 Guard Tower
06:34 Scout Tower
07:07 Farm
07:09 Arcane Tower
07:11 Scout Tower
08:16 Farm
08:18 Guard Tower
08:20 Scout Tower
08:30 Blacksmith
09:00 Castle
09:11 Gryphon Aviary
09:43 Guard Tower
09:53 Workshop
10:47 Farm
11:30 Farm
11:39 Farm
12:27 Scout Tower
12:53 Arcane Tower
12:57 Scout Tower
13:31 Guard Tower
16:23 Scout Tower
16:57 Guard Tower
» items
| Scroll of Regeneration | 3 | |
| Periapt of Vitality | 1 | |
| Boots of Speed | 1 | |
| Scroll of Town Portal | 4 | |
| Lesser Clarity Potion | 2 | |
| Potion of Mana | 1 | |
| Potion of Healing | 2 | |
14 total
Chat log
(00:11 / All) FakeTaxi: gl hf
(00:54 / Allies) mylife4dahore: i go fast necs
(01:03 / Allies) blehblah: so ur teching on edge?
(01:07 / Allies) mylife4dahore: yep
(01:09 / Allies) blehblah: smart
(02:46 / All) BonziBuddy: I'm ashamed that I know what purple's name is referring to
(02:55 / All) FakeTaxi: HD
(02:56 / All) FakeTaxi: HA
(03:06 / All) blehblah: porn bruh
(03:21 / All) WILDCARD-AGRES: holly michaels best porn star ever
(03:35 / All) BonziBuddy: partial to ashlyn rae
(03:48 / All) WILDCARD-AGRES: holly has an awesome face which i like the most
(03:56 / All) BonziBuddy: she's a butter face
(04:04 / All) WILDCARD-AGRES: wuts a butter face
(04:12 / All) blehblah: ugly face hot bod
(04:17 / All) BonziBuddy: it's all good, but her face
(04:31 / All) WILDCARD-AGRES: ur crazy fool
(04:41 / All) BonziBuddy: she's plain dawg
(04:51 / All) blehblah: rachel starr
(05:01 / All) FakeTaxi: Madison Ivy
(05:07 / All) blehblah: ya madison
(05:19 / All) blehblah: Luna star
(05:23 / All) blehblah: shes THE BEST
(07:35 / Allies) blehblah: jump em
(07:47 / Allies) blehblah: watch
(07:48 / Allies) mylife4dahore: lots of humans
(07:56 / Allies) mylife4dahore: take tome
(07:57 / Allies) mylife4dahore: now
(08:00 / Allies) mylife4dahore: nice
(08:33 / Allies) mylife4dahore: hit green now?
(08:39 / Allies) blehblah: i have shit
(08:41 / Allies) blehblah: for unit
(08:50 / Allies) mylife4dahore: i have necs
(09:05 / Allies) SSoLauEVIG: hit here
(09:24 / Allies) mylife4dahore: now
(10:00 / Allies) blehblah: lets do it
(10:38 / Allies) mylife4dahore: go now
(11:41 / All) BonziBuddy: whoops
(12:53 / All) WILDCARD-AGRES: wtf u already have mass tp
(13:13 / All) BonziBuddy: pimpin aint easy
(14:51 / Allies) blehblah: we gaun tp?
(15:01 / Allies) mylife4dahore: yes please
(15:10 / Allies) blehblah: oook..
(15:13 / Allies) blehblah: ill go aline..
(15:14 / Allies) blehblah: and die
(15:21 / Allies) blehblah: now..
(15:59 / All) blehblah: smart
(16:21 / Allies) mylife4dahore: ty
(16:29 / All) blehblah: gl teal
(16:58 / Allies) mylife4dahore: ty
(17:10 / All) blehblah: lol teal
(17:11 / All) blehblah: pro
(17:16 / All) WILDCARD-AGRES: noobbbbbbbbbbb
(17:17 / All) blehblah: let ur team die
(17:59 / All) WILDCARD-AGRES: noobbbbbb
(18:12 / All) blehblah: u guna b last place
(18:14 / All) blehblah: lol
(18:40 / All) blehblah: morts will rape those mass tower
(18:48 / All) WILDCARD-AGRES: u hackkkkkkkkk
(18:49 / All) blehblah: along w my cloud
(19:24 / Allies) mylife4dahore: legal maphacks
(19:26 / Allies) mylife4dahore: :)
(20:00 / All) BonziBuddy: lucie wylde looks like an alien but has amazing titties
(20:26 / All) SSoLauEVIG: Orange is really good
(20:55 / All) WILDCARD-AGRES: noob got scared oj
(21:00 / Allies) blehblah: ty yellow
(21:01 / Allies) blehblah: pro
(21:25 / Allies) BonziBuddy: orange tk
(21:26 / Allies) mylife4dahore: wtf blue why
(21:32 / Allies) mylife4dahore: guys?
(21:40 / All) WILDCARD-AGRES: aint no top score
(21:50 / Allies) mylife4dahore: serously guys why?
(21:54 / Allies) blehblah: no matter
(21:57 / Allies) blehblah: ill afk
(22:00 / Allies) mylife4dahore: why u doing?
(22:00 / Allies) blehblah: and come back
(22:07 / Allies) mylife4dahore: stop amn
(22:09 / Allies) SSoLauEVIG: we'll kill all our buildings
(22:12 / Allies) SSoLauEVIG: all of yours, all of our town
(22:14 / Allies) SSoLauEVIG: to give u 2 the loss
(22:17 / Allies) blehblah: sounds good
(22:27 / Allies) mylife4dahore: guys stop
(22:31 / Allies) BonziBuddy: orange is tk
(22:31 / All) WILDCARD-AGRES: NOOB OJJJJ
(23:34 / Allies) BonziBuddy: orange tk
(23:35 / Allies) mylife4dahore: WTf
(23:39 / All) WILDCARD-AGRES: OJ GONNA CRY
(23:41 / All) WILDCARD-AGRES: CRY CRY
(24:21 / Allies) BonziBuddy: pink is tk
(24:23 / Allies) mylife4dahore: WTF is your prblem?
(24:27 / Allies) BonziBuddy: you are tk
(24:30 / Allies) SSoLauEVIG: you're a tker
(24:33 / Allies) SSoLauEVIG: dude
(24:34 / Allies) BonziBuddy: only friends allowed
(24:34 / Allies) SSoLauEVIG: you tk
(24:42 / Allies) mylife4dahore: wtf are u talking about fags
(24:50 / Allies) BonziBuddy: you a tk
(24:53 / Allies) SSoLauEVIG: you are tk
(25:21 / Allies) mylife4dahore: i can' belive this
(25:29 / Allies) BonziBuddy: believe it
(25:30 / Allies) SSoLauEVIG: you just belived it
(25:31 / Allies) BonziBuddy: this is the fate of tks
(25:40 / All) BonziBuddy: IF YOU TK
(25:46 / All) BonziBuddy: KARMA WILL CATCH UP TO YOU EVENTUALLY
(25:49 / All) BonziBuddy: DEATH TO TKS!
(25:55 / All) mylife4dahore: u guys are smoking crack
(25:59 / All) BonziBuddy: you a tker
(26:02 / All) SSoLauEVIG: maybe i am so what?
(26:02 / All) BonziBuddy: you have no honor
(26:04 / All) SSoLauEVIG: you're still a tk
(26:06 / All) WILDCARD-AGRES: pink has a pro name tho
(26:12 / All) mylife4dahore: u guys are fags
(26:53 / Allies) mylife4dahore: at least give me 500 gold for hero revival
(27:00 / Allies) BonziBuddy: you don't have food
(27:02 / Allies) BonziBuddy: silly tk
(27:15 / Allies) mylife4dahore: no ziggs
(27:22 / Allies) mylife4dahore: great.
(28:02 / Allies) BonziBuddy: time to lose orange
(28:06 / Allies) BonziBuddy: that's what happens when yo utk
(29:02 / Allies) SSoLauEVIG: give me wood
(29:05 / Allies) SSoLauEVIG: 150
(29:20 / Allies) SSoLauEVIG: for level 3 imbued gunpowder, very important at this stage of the game
(29:21 / Allies) SSoLauEVIG: ty
(29:47 / All) WILDCARD-AGRES: why is orange so quiet
(29:58 / All) BonziBuddy: he's reflecting on his evil deeds
(30:13 / All) BonziBuddy: I think he's having a life changing moment, no more tk no more bad karma
(30:29 / All) BonziBuddy: karma's real, orange just learnt that
(33:48 / All) BonziBuddy: Manath and Dalar, best bud wizards
(35:31 / All) BonziBuddy: any last thoughts you wish to impart to us, tker?
(35:46 / All) BonziBuddy: 5
(35:48 / All) SSoLauEVIG: don't think he has any of those
(35:49 / All) BonziBuddy: 4
(35:51 / All) BonziBuddy: 3
(35:52 / All) BonziBuddy: 2
(35:53 / All) BonziBuddy: 1
(36:00 / All) BonziBuddy: you're right, he's an empty headed mooncalf